 Dungeon Crawl Stone Soup version 0.25.1-4-g9407a263a5 (webtiles) character file.

Game seed: 15988381056276906175

44985 Erymatos the Peltast (level 13, -8/118 HPs)
             Began as a Minotaur Berserker on Nov 28, 2020.
             Was a High Priest of Trog.
             Mangled by an eight-headed hydra (11 damage)
             ... on level 6 of the Lair of Beasts.
             The game lasted 00:30:37 (19539 turns).

Erymatos the Peltast (Minotaur Berserker)          Turns: 19539, Time: 00:30:37

Health: -8/118     AC: 20    Str: 27    XL:     13   Next: 99%
Magic:  22/22      EV: 14    Int:  9    God:    Trog [*****.]
Gold:   1261       SH: 15    Dex: 10    Spells: 12/12 levels left

rFire    . . .     SeeInvis .   M - +0 hand axe (flame)
rCold    . . .     Gourm    .   t - +0 kite shield
rNeg     . . .     Faith    +   N - +0 plate armour
rPois    .         Spirit   .   Y - +3 hat of Pondering {ponderous, MR+ MP+10 Int+5}
rElec    .         Reflect  .   S - scarf {repulsion}
rCorr    .         Harm     .   h - +0 pair of gloves
MR       +....                  (no boots)
Stlth    ..........             w - amulet of faith
HPRegen  0.29/turn              r - +4 ring of evasion
MPRegen  0.18/turn              V - ring of flight

@: about to teleport, berserk cooldown, slowed, repel missiles, very slow
A: retaliatory headbutt, horns 2
a: Berserk, Trog's Hand, Brothers in Arms, Renounce Religion, Evoke Flight


You were on level 6 of the Lair of Beasts.
You worshipped Trog.
Trog was extremely pleased with you.
You were hungry.

You visited 2 branches of the dungeon, and saw 17 of its levels.

You collected 1261 gold pieces.

Inventory:

Hand Weapons
 M - a +0 hand axe of flaming (weapon)
Armour
 h - a +0 pair of gloves (worn)
 t - a +0 kite shield (worn)
 N - a +0 plate armour (worn)
 S - a scarf of repulsion (worn)
 Y - the +3 hat of Pondering (worn) {ponderous, MR+ MP+10 Int+5}
   (You took it off Gastronok on level 1 of the Lair of Beasts)

   It affects your intelligence (+5).
   It affects your resistance to hostile enchantments.
   It affects your magic capacity (+10).
Jewellery
 l - an uncursed amulet of reflection
 r - a +4 ring of evasion (left hand)
 v - an uncursed ring of resist corrosion
 w - an amulet of faith (around neck)
 A - a +4 ring of evasion
 V - a ring of flight (right hand)
Wands
 p - a wand of clouds (5)
 y - a wand of paralysis (7)
 D - a wand of disintegration (27)
 G - a wand of polymorph (13)
 J - a wand of iceblast (15)
 K - a wand of flame (16)
 Q - a wand of acid (6)
 U - a wand of enslavement (5)
Scrolls
 a - 2 scrolls of summoning
 d - 6 scrolls of immolation
 e - 7 scrolls of remove curse
 g - 9 scrolls of teleportation
 i - 3 scrolls of magic mapping
 j - 2 scrolls of fear
 n - 4 scrolls of enchant weapon
 q - 2 scrolls of acquirement
 z - 7 scrolls of enchant armour
 B - 4 scrolls of blinking
 H - 3 scrolls of identify
 I - a scroll of brand weapon
 P - 2 scrolls of fog {unknown}
Potions
 f - 4 potions of might {unknown}
 k - 3 potions of resistance {unknown}
 m - 4 potions of degeneration {unknown}
 o - 5 potions of flight {unknown}
 s - 3 potions of mutation {unknown}
 u - 4 potions of stabbing {unknown}
 x - 4 potions of curing {unknown}
 C - a potion of invisibility {unknown}
 E - 2 potions of magic {unknown}
 F - 2 potions of brilliance {unknown}
 O - 4 potions of heal wounds {unknown}
 T - a potion of ambrosia {unknown}
 W - a potion of lignification {unknown}
 X - 3 potions of haste {unknown}
 Z - a potion of cancellation {unknown}
Comestibles
 b - 10 chunks of flesh
 c - 26 rations


   Skills:
 + Level 12.2 Fighting
 + Level 15.2 Axes
 + Level 12.1 Armour
 + Level 5.7 Dodging
 - Level 0.4 Stealth
 + Level 16.4 Shields


You had 12 spell levels left.
You didn't know any spells.
Your spell library was empty.

Dungeon Overview and Level Annotations

Branches:
Dungeon (11/15)            Temple (0/1) D:7            Lair (6/6) D:9
  Swamp (0/4) Lair:2        Snake (0/4) Lair:4        Slime (0/5) Lair:5
    Orc (0/2) D:9

Altars:
Cheibriados
Hepliaklqana
Nemelex Xobeh
Okawaru

Shops:
D:4 [%=

Annotations:
Lair:6 2 runed translucent doors


Innate Abilities, Weirdness & Mutations

You reflexively headbutt those who attack you in melee.
You have a pair of horns on your head.


Message History

The eight-headed hydra barely misses you.
You block the eight-headed hydra's attack.
The eight-headed hydra bites you but does no damage.
You block the eight-headed hydra's attack.
The eight-headed hydra bites you but does no damage.
You block the eight-headed hydra's attack.
The eight-headed hydra misses you.
Okay, then.
Your deep troll goes berserk!
You feel somewhat more hungry. You block the hell hound's attack.
The eight-headed hydra bites you but does no damage. x2
You block the eight-headed hydra's attack. x2
The eight-headed hydra bites you but does no damage.
The eight-headed hydra bites you.
* * * LOW HITPOINT WARNING * * *
The eight-headed hydra bites you but does no damage. x2
The hell hound closely misses you.
The eight-headed hydra bites you but does no damage. x2
The eight-headed hydra bites you!
You die...

#.. #.. ### ≈.#
#####8##..# . #
#8#8..#..###≈≈ ###
##......≈.≈≈≈§ #.###
####...†Dh#≈≈.≈≈§
....####...†...h@≈≈.#
.....#..†..[..T#≈≈t##
###.#...†....##§≈≈§#
##.####........§≈#..
### ##.......#§#...
##......#§#....
8.....##≈##...
##....## ≈≈ #++
.#8.##


You could see an eight-headed hydra, a fire crab, 2 hell hounds and a friendly
deep troll (summoned, berserk).

Vanquished Creatures
  Gastronok (Lair:1)
  Snorg (D:11)
  3 hydras
  Erica (D:8)
  A centaur warrior (D:11)
  2 catoblepae (Lair:2)
  6 death yaks (Lair:5)
  A two-headed ogre (D:7)
  Urug (Lair:3)
  An ugly thing (D:11)
  2 deep elf magi (D:11)
  An oklob plant (Lair:4)
  3 cyclopes (D:11)
  Psyche (D:8)
  5 black mambas
  A molten gargoyle (Lair:6)
  5 torpor snails
  11 spiny frogs
  A yaktaur (D:11)
  9 komodo dragons
  A merfolk (D:11)
  2 trolls (D:11)
  A hornet (D:11)
  7 hippogriffs
  10 blink frogs
  Sigmund (D:3)
  A shadow (D:11)
  30 yaks
  6 wyverns
  A spriggan (D:11)
  2 basilisks (Lair:2)
  8 fire bats (Lair:1)
  A hungry ghost (D:7)
  Eustachio (D:4)
  A steam dragon (Lair:6)
  A naga (Lair:4)
  2 hell hounds (Lair:6)
  9 water moccasins
  10 porcupines
  2 black bears
  An ice beast (D:11)
  4 orc warriors
  2 phantoms
  A necrophage (D:11)
  5 centaurs
  6 ogres
  11 crocodiles
  3 big kobolds
  Blork the orc (D:5)
  11 bullfrogs
  2 scorpions
  14 killer bees
  A howler monkey (D:9)
  3 bullfrog zombies
  5 crimson imps
  2 centaur zombies
  A lava snake (Lair:6)
  2 bullfrog skeletons
  8 jellies
  5 orc priests
  8 hounds
  3 orc wizards
  3 centaur skeletons
  5 iguanas
  8 hell rats (Lair:3)
  Natasha (thrice) (D:4)
  6 worker ants
  A hound skeleton (D:8)
  4 worker ant zombies
  A howler monkey zombie (D:10)
  A howler monkey skeleton (D:5)
  9 adders
  10 gnolls
  11 river rats (Lair:3)
  A shadow imp (D:4)
  An ooze (D:1)
  An adder zombie (D:8)
  2 worms
  A dart slug (D:1)
  9 leopard geckos
  40 orcs
  7 giant cockroaches
  4 hobgoblins
  15 jackals
  7 quokkas
  3 ball pythons
  4 bats
  5 frilled lizards
  3 goblins
  2 jackal skeletons
  24 kobolds
  A leopard gecko skeleton (D:5)
  23 rats
  2 fungi
  A plant (Lair:2)
471 creatures vanquished.

Vanquished Creatures (collateral kills)
  A manticore (D:11)
  A molten gargoyle (Lair:1)
  A fire bat (Lair:1)
3 creatures vanquished.

Vanquished Creatures (others)
  12 fungi
  9 plants
21 creatures vanquished.

Grand Total: 495 creatures vanquished

Notes
Turn   | Place    | Note
-------+----------+-------------------------------------------
     0 | D:1      | Erymatos the Minotaur Berserker began the quest for the
                  | Orb.
     0 | D:1      | Reached XP level 1. HP: 19/19 MP: 0/0
   228 | D:1      | Reached XP level 2. HP: 27/27 MP: 1/1
   966 | D:2      | Reached XP level 3. HP: 33/34 MP: 2/2
  1026 | D:2      | Reached ** piety under Trog
  1056 | D:2      | Reached XP level 4. HP: 36/41 MP: 3/3
  1341 | D:2      | Found a hazy altar of Hepliaklqana.
  1526 | D:2      | Found a faded altar of an unknown god.
  2317 | D:3      | Noticed Sigmund
  2335 | D:3      | Killed Sigmund
  2335 | D:3      | Reached skill level 5 in Fighting
  2335 | D:3      | Reached skill level 5 in Axes
  2335 | D:3      | Reached skill level 2 in Shields
  2335 | D:3      | Reached XP level 5. HP: 10/48 MP: 4/4
  2335 | D:3      | Reached XP level 6. HP: 12/56 MP: 5/5
  2962 | D:4      | Found Kaukluf's Jewellery Shoppe.
  3013 | D:4      | Noticed Eustachio
  3057 | D:4      | Killed Eustachio
  3057 | D:4      | Reached skill level 3 in Shields
  3338 | D:4      | Found an iron altar of Okawaru.
  3347 | D:4      | Reached *** piety under Trog
  3357 | D:4      | Reached skill level 4 in Shields
  3357 | D:4      | Reached XP level 7. HP: 35/61 MP: 6/6
  3684 | D:4      | Noticed Natasha
  3696 | D:4      | Killed Natasha
  3712 | D:4      | Found Qokast's Food Boutique.
  3715 | D:4      | Noticed Natasha
  3723 | D:4      | Killed Natasha
  3809 | D:4      | Found Diabluxa's Antique Armour Emporium.
  3936 | D:4      | Noticed Natasha
  3940 | D:4      | Killed Natasha
  3940 | D:4      | Reached skill level 5 in Shields
  4525 | D:5      | Entered Level 5 of the Dungeon
  4565 | D:5      | Reached XP level 8. HP: 70/70 MP: 7/7
  4601 | D:5      | Noticed Blork the orc
  4614 | D:5      | Killed Blork the orc
  5000 | D:5      | Reached **** piety under Trog
  5019 | D:5      | Reached skill level 6 in Shields
  5123 | D:5      | Found a sparkling altar of Nemelex Xobeh.
  5188 | D:5      | Reached skill level 5 in Dodging
  5495 | D:6      | Reached skill level 7 in Shields
  5814 | D:6      | Reached XP level 9. HP: 49/78 MP: 8/8
  6002 | D:6      | Reached skill level 5 in Armour
  6736 | D:7      | Reached skill level 8 in Shields
  6788 | D:7      | Noticed a two-headed ogre
  6789 | D:7      | Found a staircase to the Ecumenical Temple.
  6801 | D:7      | Killed a two-headed ogre
  6801 | D:7      | Reached skill level 10 in Axes
  6813 | D:7      | Reached skill level 9 in Shields
  7404 | D:7      | Reached XP level 10. HP: 83/86 MP: 9/9
  7955 | D:8      | Noticed Erica
  7965 | D:8      | Killed Erica
  7965 | D:8      | Reached skill level 10 in Shields
  8407 | D:8      | Noticed Psyche
  8416 | D:8      | Killed Psyche
  8684 | D:9      | Reached ***** piety under Trog
  8821 | D:9      | Found a staircase to the Orcish Mines.
  9251 | D:9      | Found a staircase to the Lair.
  9257 | D:9      | Reached skill level 11 in Shields
  9541 | D:10     | Entered Level 10 of the Dungeon
 10566 | D:11     | Noticed a cyclops
 10566 | D:11     | Noticed a centaur warrior
 10577 | D:11     | Killed a centaur warrior
 10577 | D:11     | Reached XP level 11. HP: 95/95 MP: 10/10
 10708 | D:11     | Noticed a brown ugly thing
 10728 | D:11     | Killed a brown ugly thing
 10728 | D:11     | Reached skill level 12 in Shields
 10995 | D:11     | Noticed a deep elf mage
 11005 | D:11     | Killed a deep elf mage
 11005 | D:11     | Received a gift from Trog
 11263 | D:11     | Noticed Snorg
 11286 | D:11     | Killed Snorg
 11528 | D:11     | Noticed a deep elf mage
 11547 | D:11     | Killed a deep elf mage
 11577 | D:11     | Paralysed by a hornet for 2 turns
 12134 | D:11     | Reached skill level 13 in Shields
 12504 | Lair:1   | Entered Level 1 of the Lair of Beasts
 12826 | Lair:1   | Found a gate leading to a gauntlet.
 12852 | Lair:1   | Reached XP level 12. HP: 106/106 MP: 11/11
 13240 | Lair:1   | Noticed Gastronok
 13256 | Lair:1   | Killed Gastronok
 13256 | Lair:1   | Reached skill level 10 in Fighting
 13688 | Lair:2   | Found a staircase to the Swamp.
 13704 | Lair:2   | Reached skill level 10 in Armour
 13801 | Lair:2   | Noticed a catoblepas
 13831 | Lair:2   | Killed a catoblepas
 14237 | Lair:2   | Reached skill level 14 in Shields
 14649 | Lair:2   | Noticed a four-headed hydra
 14661 | Lair:2   | Killed a one-headed hydra
 14955 | Lair:2   | Noticed a catoblepas
 14978 | Lair:2   | Killed a catoblepas
 15129 | Lair:2   | Noticed a seven-headed hydra
 15141 | Lair:2   | Killed a three-headed hydra
 15353 | Lair:3   | Reached XP level 13. HP: 114/114 MP: 12/12
 15675 | Lair:3   | Reached skill level 15 in Shields
 15685 | Lair:3   | Noticed Urug
 15705 | Lair:3   | Killed Urug
 16204 | Lair:3   | Found a snail-covered altar of Cheibriados.
 17265 | Lair:4   | Found a staircase to the Snake Pit.
 17939 | Lair:5   | Identified a scroll of acquirement
 18029 | Lair:5   | Received a gift from Trog
 18342 | Lair:5   | Reached skill level 16 in Shields
 18671 | Lair:5   | Reached skill level 15 in Axes
 18840 | Lair:5   | Found a staircase to the Slime Pits.
 19281 | Lair:6   | Entered Level 6 of the Lair of Beasts
 19527 | Lair:6   | Found a large runed translucent door.
 19528 | Lair:6   | Found a large runed translucent door.
 19539 | Lair:6   | HP: 3/118 [eight-headed hydra (6)]
 19539 | Lair:6   | Mangled by an eight-headed hydra

Illustrated notes

Levels and vault maps discovered:
D:1:      dpeg_arrival_central, layout_basic
D:2:      layout_basic, lemuel_doored_altar, chequers_ecumenical_altar_grove
D:3:      layout_rooms, serial_curves, eino_curves_04, eino_curves_04,
          uniq_sigmund
D:4:      layout_basic, first_ration, serial_shops, nicolae_shop_stone, shop,
          shop, minmay_ruined_shrine, uniq_eustachio, uniq_natasha
D:5:      layout_loops_ring, basic_altar, kennysheep_generic_room_7,
          uniq_blork_the_orc
D:6:      layout_gridville
D:7:      layout_loops_ring, minmay_temple_entry_drinking_statues
D:8:      layout_loops_ring, roderic_serpentine_path, uniq_erica, uniq_psyche
D:9:      layout_loops_cross, grunt_lair_entry_orc_guard_hut, orc_0_dummy
D:10:     layout_stronghold, serial_column_ruins, column_ruins_hut,
          column_ruins_open_medium_water, column_ruins_columns_straight,
          column_ruins_grid_1, column_ruins_grid_1
D:11:     minmay_curly_fans, layout_loops_corners, hangedman_stone_soup,
          minmay_fractal_squares_gapless_7, uniq_snorg
Lair:1:   layout_chaotic_city, gauntlet_entry_generic, uniq_gastronok
Lair:2:   layout_chaotic_city, minmay_swamp_entry_reptiles
Lair:3:   lemuel_ratsnest, layout_misc_corridors, minivault_26,
          kennysheep_snail_temple, uniq_urug
Lair:4:   layout_cave_pods, minmay_snake_entry_guardpost_small,
          infiniplex_staircase_pool, serial_bayou_shore_b
Lair:5:   layout_regular_city, minmay_slime_entry_pillars, grunt_megastairs_5
Lair:6:   cheibrodos_lair_end_hotspot, layout_big_grid,
          grunt_forest_small_clearings, chequers_serial_rivers_small_b,
          uniq_rupert

Skill      XL: |  1  2  3  4  5  6  7  8  9 10 11 12 13 |
---------------+----------------------------------------+-----
Fighting       | 4 5 6 7 8 9 10 12 | 12.2
Axes           | 4 5 6 8 10 11 13 14 15 | 15.2
Dodging        | 4 5 |  5.7
Shields        | 2 4 5 7 9 11 13 14 16 | 16.4
Armour         | 3 4 6 7 9 10 12 | 12.1
Stealth        | |  0.4

Action                   |  1- 3 |  4- 6 |  7- 9 | 10-12 | 13-15 || total
-------------------------+-------+-------+-------+-------+-------++-------
Melee: Hand axe          |    45 |   166 |   331 |   709 |   549 ||  1800
       Headbutt          |     8 |    32 |    74 |   158 |   140 ||   412
       War axe           |       |       |    60 |       |       ||    60
Invok: Berserk           |       |     1 |     4 |     7 |     3 ||    15
       Brothers in Arms  |       |       |       |     3 |     1 ||     4
       Trog's Hand       |       |       |       |     2 |       ||     2
  Use: Scroll            |       |       |       |    11 |     5 ||    16
 Stab: Sleeping          |       |     2 |       |       |       ||     2
  Eat: Chunk             |       |     9 |    17 |    21 |    10 ||    57
       Ration            |       |       |       |     4 |     2 ||     6
Armor: Animal skin       |    10 |    12 |       |       |       ||    22
       Chain mail        |       |    39 |    75 |     2 |       ||   116
       Plate armour      |       |       |       |   127 |   105 ||   232
Dodge: Dodged            |    28 |    81 |   116 |   165 |   126 ||   516
       Repelled          |       |       |       |     4 |     4 ||     8
Block: Kite shield       |       |   129 |   265 |   511 |   326 ||  1231
       Reflection        |       |     2 |    17 |    10 |     2 ||    31
